 Dungeon Crawl Stone Soup version 0.25-a0-156-g0c4bda3fdf (webtiles) character file.

Game seed: 9177802052810522200, levelgen mode: deterministic

1476 MisterFreud the Nimble (level 8, -6/38 HPs)
             Began as a Felid Wanderer on Nov 20, 2019.
             Was a Follower of Uskayaw.
             Impaled on a porcupine's spines (12 damage)
             ... on level 8 of the Dungeon.
             The game lasted 00:17:48 (10485 turns).

MisterFreud the Nimble (Felid Wanderer)            Turns: 10485, Time: 00:17:48

Health: -6/38      AC:  2    Str:  7    XL:     8   Next: 49%
Magic:  13/13      EV: 25    Int: 18    God:    Uskayaw [*.....]
Gold:   417        SH:  0    Dex: 15    Spells: 7/7 levels left
                                        Lives:  0   Deaths: 2

rFire    . . .     SeeInvis +     - Unarmed
rCold    . . .     Gourm    .   (shield unavailable)
rNeg     . . .     Faith    .   (armour unavailable)
rPois    .         Spirit   .   (helmet unavailable)
rElec    .         Reflect  .   (cloak unavailable)
rCorr    +         Harm     .   (gloves unavailable)
MR       +....                  (boots unavailable)
Stlth    ++++......             p - amulet of magic regeneration
HPRegen  0.12/turn              u - ring of resist corrosion
MPRegen  0.38/turn              (no ring)

@: quick
A: very small, no armour, no weapons or thrown items, stealth, claws 1, fangs 3,
see invisible, carnivore, speed 1, shaggy fur 2, slow metabolism 1, sharp paws
a: Stomp, Renounce Religion


You were on level 8 of the Dungeon.
You worshipped Uskayaw.
Uskayaw was noncommittal.
You were not hungry.

You visited 1 branch of the dungeon, and saw 8 of its levels.

You collected 417 gold pieces.

Inventory:

Jewellery
 p - an amulet of magic regeneration (around neck)
 u - a ring of resist corrosion (left paw)
Wands
 m - a wand of digging (2)
Scrolls
 b - 3 scrolls of teleportation
 f - a scroll of fear
 g - 3 scrolls of remove curse
 h - 2 scrolls of random uselessness
 i - 3 scrolls of magic mapping
 k - a scroll of fog
Potions
 c - 2 potions of curing
 e - 4 potions of brilliance
 o - a potion of cancellation
 q - 3 potions of flight
 r - 2 potions of haste
 t - a potion of agility {unknown}
 v - a potion of degeneration {unknown}
Comestibles
 d - 13 rations


   Skills:
 - Level 6.0 Fighting
 - Level 10.1 Dodging
 - Level 6.4 Stealth
 + Level 6.0 Unarmed Combat
 + Level 0.0 Spellcasting
 - Level 6.2 Invocations
 - Level 4.0 Evocations


You had 7 spell levels left.
You didn't know any spells.
Your spell library contained the following spells:

 Spells                   Type           Power        Failure   Level  Hunger
 Animate Skeleton         Necr           N/A          22%         1    ##.....
 Corona                   Hex            #......      22%         1    ##.....
 Pain                     Necr           #...         22%         1    ##.....
 Slow                     Hex            #.......     32%         2    ###....
 Inner Flame              Hex/Fire       #.......     54%         3    ####...
 Regeneration             Chrm/Necr      #.........   54%         3    ####...
 Vampiric Draining        Necr           #.........   54%         3    ####...
 Animate Dead             Necr           N/A          91%         4    #####..
 Cause Fear               Hex            #.........   91%         4    #####..
 Leda's Liquefaction      Hex/Erth       #.........   91%         4    #####..
 Portal Projectile        Hex/Tloc       Unusable     N/A         3    N/A

Dungeon Overview and Level Annotations

Branches:
Dungeon (8/15)             Temple (0/1) D:6            Lair (0/6) D:8

Altars:
Ashenzari
Dithmenos
Fedhas
Kikubaaqudgha
Okawaru
Qazlal
Trog
Uskayaw
Vehumet


Innate Abilities, Weirdness & Mutations

You cannot wear armour.
You are incapable of wielding weapons or throwing items.
Your paws allow you to move quietly. (Stealth)
You have sharp claws.
You have razor-sharp teeth.
You have supernaturally acute eyesight. (SInv)
You are carnivorous and can eat meat at any time.
You cover ground quickly.
You are covered in thick fur. (AC +2)
You have a slow metabolism.
Your sharp claws are effective at attacking unaware monsters.


Message History

Training target 6.0 for Invocations reached!
Your Invocations skill increases to level 6!
You need to enable at least one skill for training.
You start resting.
Eating a chunk of flesh.
You eat the chunk of flesh.
This raw flesh tastes great.
A porcupine comes into view.
You see here a black bear skeleton.
You are struck by the porcupine's spines.
You closely miss the porcupine. The porcupine bites you.
Something bites the plant.
You are too injured to fight recklessly!
You are too injured to fight recklessly!
You are too injured to fight recklessly!
You are struck by the porcupine's spines.
* * * LOW HITPOINT WARNING * * *
You claw the porcupine! Your bite misses the porcupine.
The porcupine is heavily wounded.
The porcupine barely misses you. The porcupine completely misses you.
You are struck by the porcupine's spines.
You die...

###..(PP...P..PP.
..<.....P.PPP.P..
#####.P...PPP....#######
#...PP.PP...P.†.....
##..PP....P.#.######
#P.........#.......
##.......#.#÷.#####
#r#######.#..# #@#
#....# #÷# ####÷#
#.##########.#
#)†..........#
#####.######## #.# #.#
#[############
#....†r.......


You could see a porcupine.

Vanquished Creatures
  3 porcupines (D:8)
  2 sky beasts
  2 black bears (D:8)
  An ice beast (D:7)
  A necrophage (D:6)
  2 orc warriors (D:6)
  A phantom (D:6)
  2 ogres (D:6)
  3 centaurs
  A crocodile (D:8)
  Blork the orc (D:6)
  3 bullfrogs
  A scorpion (D:4)
  6 killer bees
  A howler monkey (D:4)
  A bullfrog zombie (D:5)
  2 crimson imps
  A centaur zombie (D:5)
  5 orc wizards
  2 hounds
  3 bullfrog skeletons
  9 orc priests
  A centaur skeleton (D:4)
  A worker ant (D:6)
  A hound skeleton (D:4)
  A worker ant zombie (D:6)
  8 adders
  A shadow imp (D:6)
  2 oozes
  An adder skeleton (D:4)
  2 worms (D:3)
  3 dart slugs
  5 leopard geckos
  22 orcs
  9 giant cockroaches
  9 goblins
  5 hobgoblins
  A jackal (D:2)
  9 kobolds
  2 quokkas
  7 bats
  5 frilled lizards
  A jackal skeleton (D:6)
  3 leopard gecko zombies
  7 rats
159 creatures vanquished.

Vanquished Creatures (others)
  A bat (D:2)
  A rat (D:2)
  13 fungi (D:8)
  A plant (D:8)
16 creatures vanquished.

Grand Total: 175 creatures vanquished

Notes
Turn   | Place    | Note
-------+----------+-------------------------------------------
     0 | D:1      | MisterFreud the Felid Wanderer began the quest for the Orb.
     0 | D:1      | MisterFreud set off with the following items: a potion of
                  | heal wounds, a scroll of teleportation, a potion of curing,
                  | a ration
     0 | D:1      | Reached XP level 1. HP: 11/11 MP: 2/2
   317 | D:1      | Reached XP level 2. HP: 15/15 MP: 3/3
   979 | D:2      | Found an iron altar of Okawaru.
   990 | D:2      | Reached XP level 3. HP: 17/18 MP: 4/4
  1232 | D:2      | Found a stormy altar of Qazlal.
  1232 | D:2      | Found a blossoming altar of Fedhas.
  1300 | D:2      | Found a radiant altar of Vehumet.
  1339 | D:2      | Found a bloodstained altar of Trog.
  1608 | D:2      | Reached XP level 4. HP: 22/22 MP: 5/5
  1917 | D:3      | Reached skill level 3 in Dodging
  2383 | D:3      | You fall into a shaft and drop 3 floors!
  2551 | D:6      | Noticed Blork the orc
  2562 | D:6      | Killed Blork the orc
  2562 | D:6      | Reached skill level 4 in Dodging
  2562 | D:6      | Reached XP level 5. HP: 25/25 MP: 6/6
  2887 | D:6      | Noticed a centaur
  2894 | D:6      | Killed a centaur
  2894 | D:6      | Reached skill level 5 in Dodging
  2894 | D:6      | Reached skill level 5 in Stealth
  2894 | D:6      | Gained mutation: You are covered in thick fur. (AC +2)
                  | [Felid growth]
  2894 | D:6      | Reached XP level 6. HP: 28/28 MP: 7/7
  2899 | D:5      | Entered Level 5 of the Dungeon
  3160 | D:6      | Reached skill level 6 in Dodging
  3705 | D:5      | Reached XP level 7. HP: 13/32 MP: 8/8
  4811 | D:3      | HP: 1/33 [orc priest/divine providence (12)]
  4812 | D:3      | Slain by an orc priest
  4813 | D:3      | Reached XP level 6. HP: -2/29 MP: 7/7
  5377 | D:4      | Reached skill level 7 in Dodging
  5509 | D:5      | Found a hide-covered altar of Uskayaw.
  5513 | D:5      | Became a worshipper of Uskayaw the Reveler
  5516 | D:5      | Found a shattered altar of Ashenzari.
  5516 | D:5      | Found a shadowy altar of Dithmenos.
  5573 | D:5      | Reached * piety under Uskayaw
  5574 | D:5      | Reached XP level 7. HP: 17/33 MP: 8/8
  5574 | D:5      | Reached ** piety under Uskayaw
  5631 | D:5      | Reached skill level 5 in Fighting
  5631 | D:5      | Reached skill level 5 in Unarmed Combat
  5836 | D:5      | Found an ancient bone altar of Kikubaaqudgha.
  5926 | D:5      | Reached *** piety under Uskayaw
  6487 | D:6      | Reached skill level 8 in Dodging
  6715 | D:6      | Reached XP level 8. HP: 29/38 MP: 9/9
  7856 | D:6      | Reached skill level 9 in Dodging
  7908 | D:6      | Found a staircase to the Ecumenical Temple.
  8267 | D:6      | Reached skill level 10 in Dodging
  8930 | D:7      | Reached skill level 1 in Invocations
  9683 | D:7      | Reached XP level 9. HP: 19/41 MP: 12/12
 10042 | D:8      | Reached **** piety under Uskayaw
 10050 | D:8      | Reached skill level 5 in Invocations
 10337 | D:8      | Found a staircase to the Lair.
 10385 | D:8      | HP: 1/41 [porcupine's spines (14)]
 10385 | D:8      | Slain by a porcupine
 10386 | D:8      | Reached XP level 8. HP: -4/38 MP: 13/13
 10485 | D:8      | Impaled on a porcupine's spines

Levels and vault maps discovered:
D:1:      sevenhm_arrival_forest_fort_small_6, layout_basic, solitary_fountain
D:2:      minmay_spotlight, layout_basic,
          grunt_temple_overflow_forces_of_nature, old_standard_altar,
          fiery_altar_vehumet, nicolae_overflow_crystal_walls
D:3:      layout_loops_cross, first_ration
D:4:      layout_basic
D:5:      layout_rooms, minitemple, basic_altar
D:6:      layout_basic, minmay_temple_entry_fiery, uniq_blork_the_orc
D:7:      layout_rooms
D:8:      layout_basic, due_lair_maze_entry_diamond, serial_shops, shop

Skill      XL: |  1  2  3  4  5  6  7  8  9 |
---------------+----------------------------+-----
Unarmed Combat | 2 3 4 5 6 |  6.0
Dodging        | 4 5 7 8 10 | 10.1
Stealth        | 4 5 6 |  6.4
Fighting       | 5 6 |  6.0
Invocations    | 6 5 |  6.2
Evocations     | 3 4 |  4.0

Action                   |  1- 3 |  4- 6 |  7- 9 || total
-------------------------+-------+-------+-------++-------
Melee: Unarmed           |   120 |   186 |   487 ||   793
       Bite              |    13 |    16 |    41 ||    70
       Punch             |     1 |       |     6 ||     7
  Use: Scroll            |       |     9 |     9 ||    18
       Potion            |       |     3 |     4 ||     7
 Stab: Sleeping          |    12 |     4 |    14 ||    30
       Distracted        |       |     1 |       ||     1
       Paralysed         |       |       |     5 ||     5
  Eat: Chunk             |     8 |     9 |    16 ||    33
Armor: Skin              |     4 |     7 |    29 ||    40
Dodge: Dodged            |    90 |   133 |   429 ||   652

Table legend:
 A = Non-vault XP
 B = Vault XP
 C = Vault XP percentage of total XP
 D = Non-vault monster count
 E = Vault monster count
 F = Vault count percentage of total count
                 A         B        C        D         E       F
            +---------+---------+-------+---------+---------+-------
      Total |    3712 |     769 |  17.2 |     149 |      10 |   6.3
            +---------+---------+-------+---------+---------+-------
        D:1 |      30 |       0 |   0.0 |      16 |       0 |   0.0
        D:2 |      60 |      19 |  24.1 |      23 |       4 |  14.8
        D:3 |     134 |       0 |   0.0 |      31 |       0 |   0.0
        D:4 |     334 |       0 |   0.0 |      10 |       0 |   0.0
        D:5 |     325 |       0 |   0.0 |      13 |       0 |   0.0
        D:6 |    1588 |      96 |   5.7 |      26 |       1 |   3.7
        D:7 |     891 |       0 |   0.0 |      27 |       0 |   0.0
        D:8 |     350 |     654 |  65.1 |       3 |       5 |  62.5
            +---------+---------+-------+---------+---------+-------
